 Dungeon Crawl Stone Soup version 0.20-a0-792-g09bcfd3 (webtiles) character file.

14670 Ruggiaman the Severer (level 11, -33/97 HPs)
             Began as a Minotaur Berserker on Feb 28, 2017.
             Was a High Priest of Trog.
             Killed from afar by a frost giant (42 damage)
             ... with a bolt of cold
             ... on level 10 of the Dungeon.
             The game lasted 01:23:41 (13743 turns).

Ruggiaman the Severer (Minotaur Berserker)         Turns: 13743, Time: 01:23:42

Health: -33/97     AC: 13    Str: 25    XL:     11   Next: 91%
Magic:  0/19       EV: 12    Int:  4    God:    Trog [*****.]
Gold:   328        SH:  0    Dex: 10    Spells: 10/10 levels left

rFire    . . .     SeeInvis .   I - +0 battleaxe (curse)
rCold    . . .     Gourm    .   z - +0 chain mail
rNeg     . . .     Faith    .   (shield currently unavailable)
rPois    .         Spirit   +   (helmet unavailable)
rElec    .         Reflect  .   (no cloak)
rCorr    .         Harm     .   (no gloves)
MR       ++...                  F - +0 pair of boots
Stlth    ..........             D - amulet of guardian spirit (curse)
Regen    1.3/turn               J - ring of stealth
MPRegen  0.2/turn               b - ring of magical power

@: regenerating
A: retaliatory headbutt, horns 3
a: Berserk, Trog's Hand, Brothers in Arms, Burn Spellbooks, Renounce Religion


You were on level 10 of the Dungeon.
You worshipped Trog.
Trog was extremely pleased with you.
You were not hungry.

You visited 1 branch of the dungeon, and saw 10 of its levels.

You collected 383 gold pieces.
You spent 55 gold pieces at shops.

Inventory:

Hand Weapons
 c - a +0 dagger of chaos
 I - a cursed +0 battleaxe (weapon)
 P - a +0 hand axe of venom
Missiles
 r - 8 javelins (quivered)
 v - 86 bolts
 B - 120 arrows
Armour
 z - a +0 chain mail (worn)
 F - a +0 pair of boots (worn)
Jewellery
 b - a ring of magical power (left hand)
 g - an uncursed amulet of the gourmand
 D - a cursed amulet of guardian spirit (around neck)
 J - a ring of stealth (right hand)
 R - an uncursed amulet of magic regeneration {unknown}
Wands
 a - a wand of flame (2/48)
 h - a wand of disintegration (10/24)
 u - a wand of flame (18/48)
 w - a wand of iceblast (5/15)
 y - a wand of disintegration (4/24)
 C - a wand of acid (6/15)
 E - a wand of random effects (38/48)
Scrolls
 d - 6 scrolls of remove curse
 f - 6 scrolls of teleportation
 i - 2 scrolls of recharging {unknown}
 j - 6 scrolls of identify
 k - 3 scrolls of blinking {unknown}
 l - 3 scrolls of magic mapping {unknown}
 m - 3 scrolls of fog {unknown}
 n - 3 scrolls of fear
 o - 2 scrolls of amnesia {unknown}
 x - a scroll of acquirement {unknown}
 G - a scroll of enchant armour {unknown}
Potions
 e - a potion of cancellation {unknown}
 p - a potion of brilliance
 q - a potion of might
 s - 3 potions of lignification
 t - a potion of degeneration {unknown}
 A - 2 potions of agility
 H - a potion of flight {unknown}
 N - a potion of ambrosia {unknown}
 O - a potion of haste
Books
 S - a book of Conjurations

   Spells                             Type                      Level
   a - Magic Dart                     Conjuration                  1
   b - Searing Ray                    Conjuration                  2
   c - Dazzling Spray                 Conjuration/Hexes            3
   d - Fulminant Prism                Conjuration/Hexes            4
   e - Force Lance                    Conjuration/Translocation    4
   f - Iskenderun's Mystic Blast      Conjuration                  4
   Trog disapproves of the use of such an item.
 U - a book of Misfortune

   Spells                             Type                      Level
   a - Confusing Touch                Hexes                        1
   b - Confuse                        Hexes                        3
   c - Gell's Gravitas                Translocation                3
   d - Petrify                        Transmutation/Earth          4
   e - Metabolic Englaciation         Hexes/Ice                    5
   f - Yara's Violent Unravelling     Hexes/Transmutation          5
   Trog disapproves of the use of such an item.
Miscellaneous
 W - a lamp of fire
Comestibles
 K - 10 royal jellies
 L - 3 meat rations
 M - 5 fruits
 Q - 2 bread rations


   Skills:
 + Level 9.5 Fighting
 - Level 15.1 Axes
 + Level 10.9 Armour
 + Level 9.9 Dodging


You had 10 spell levels left.
You didn't know any spells.

Dungeon Overview and Level Annotations

Branches:
Dungeon (10/15)            Temple (0/1) D:5            Lair (0/6) D:9
    Orc: D:9-12

Altars:
Fedhas
Gozag
Makhleb
Nemelex Xobeh
Ru
Xom
Zin

Shops:
D:7 [[!(


Innate Abilities, Weirdness & Mutations

You reflexively headbutt those who attack you in melee.
You have a pair of large horns on your head.


Message History

The frost giant is lightly wounded.
You hit the frost giant but do no damage.
You headbutt the frost giant.
The frost giant is moderately wounded.
The frost giant hits you but does no damage.
You hit the frost giant.
The frost giant is moderately wounded.
The frost giant points at you and mumbles some strange words.
The bolt of cold hits you!
Ouch! That really hurt!
* * * LOW HITPOINT WARNING * * *
You are too injured to fight recklessly!
Okay, then.
Okay, then.
Your skin crawls.
You feel resistant to hostile enchantments.
You feel quite a bit more hungry.
The frost giant points at you and mumbles some strange words.
The bolt of cold hits you!
You die...

##########
#........#
#......C.#
#.....@..#
#...####'#
###########...#....#
..........#...#....#
..........#(..#|:###
.........()...#|:
..........#######
................
................


You could see a frost giant.

Vanquished Creatures
  A great orb of eyes (D:10)
  A hydra (D:9)
  Erica (D:8)
  2 two-headed ogres
  The ghost of 4thArraOfDagon the Cleaver, a novice MiBe of Trog (D:9)
  An ugly thing (D:9)
  A cyclops (D:10)
  A komodo dragon (D:9)
  Prince Ribbit (D:5)
  2 hornets
  4 trolls
  A slime creature (D:10)
  A hippogriff (D:9)
  Sigmund (D:5)
  A wyvern (D:9)
  4 yaks (D:9)
  A hungry ghost (D:10)
  2 soldier ants (D:9)
  A water moccasin (D:7)
  2 orc warriors
  4 ice beasts
  6 sky beasts
  3 phantoms
  5 ogres
  3 centaurs
  A crocodile (D:10)
  A wyvern zombie (D:8)
  7 bullfrogs
  5 scorpions
  2 water moccasin skeletons
  9 killer bees
  18 wights
  A howler monkey (D:4)
  4 crimson imps
  2 centaur zombies (D:10)
  2 jellies
  7 orc priests
  3 bullfrog skeletons
  3 centaur skeletons
  6 hounds
  4 iguanas
  16 orc wizards
  Terence (D:3)
  3 worker ants
  The ghost of Sapher the Ruffian, a weakling GrTm (D:5)
  14 gnolls
  12 adders
  An ooze (D:1)
  An adder skeleton (D:6)
  2 adder zombies (D:7)
  6 worms
  4 dart slugs (D:2)
  4 leopard geckos
  29 orcs
  A ball python (D:1)
  8 bats
  3 giant cockroaches
  A goblin (D:1)
  9 hobgoblins
  15 jackals
  6 kobolds
  3 quokkas
  7 frilled lizards
  A jackal skeleton (D:5)
  2 leopard gecko skeletons
  A quokka skeleton (D:6)
  A quokka zombie (D:5)
  5 rats
  4 plants (D:9)
287 creatures vanquished.

Vanquished Creatures (collateral kills)
  A centaur (D:8)
  3 killer bees (D:8)
  A hound (D:8)
  A giant cockroach (D:8)
6 creatures vanquished.

Vanquished Creatures (others)
  An unseen horror (D:8)
  An orc wizard (D:4)
  19 plants (D:9)
21 creatures vanquished.

Grand Total: 314 creatures vanquished

Notes
Turn   | Place    | Note
-------+----------+-------------------------------------------
     0 | D:1      | Ruggiaman the Minotaur Berserker began the quest for the Orb.
     0 | D:1      | Reached XP level 1. HP: 19/19 MP: 0/0
    26 | D:1      | Reached skill level 4 in Axes
    29 | D:1      | Reached XP level 2. HP: 24/27 MP: 1/1
  1175 | D:1      | Reached XP level 3. HP: 33/33 MP: 2/2
  1410 | D:2      | Reached ** piety under Trog
  2117 | D:2      | Reached skill level 5 in Axes
  2119 | D:2      | Reached XP level 4. HP: 25/41 MP: 3/3
  2787 | D:3      | Found a glowing silver altar of Zin.
  3076 | D:3      | Found a sacrificial altar of Ru.
  3250 | D:3      | Noticed Terence
  3267 | D:3      | Killed Terence
  3267 | D:3      | Reached XP level 5. HP: 32/47 MP: 4/4
  3654 | D:3      | Reached skill level 5 in Fighting
  4295 | D:4      | Reached skill level 6 in Axes
  4333 | D:4      | Reached XP level 6. HP: 47/56 MP: 5/5
  4882 | D:4      | Reached skill level 7 in Axes
  5091 | D:5      | Entered Level 5 of the Dungeon
  5098 | D:5      | Found a blossoming altar of Fedhas.
  5158 | D:5      | Noticed Sigmund
  5200 | D:5      | Killed Sigmund
  5200 | D:5      | Reached skill level 8 in Axes
  5200 | D:5      | Reached XP level 7. HP: 18/63 MP: 6/6
  5232 | D:5      | Noticed Sapher's ghost (weakling GrTm)
  5250 | D:5      | HP: 3/63 [Sapher's ghost (5)]
  5251 | D:5      | Killed Sapher's ghost
  5659 | D:5      | Reached *** piety under Trog
  5666 | D:5      | Reached skill level 9 in Axes
  6076 | D:5      | Noticed Prince Ribbit
  6114 | D:5      | Killed Prince Ribbit
  6114 | D:5      | Reached skill level 10 in Axes
  6114 | D:5      | Reached XP level 8. HP: 25/73 MP: 7/7
  6878 | D:5      | Found a sparkling altar of Nemelex Xobeh.
  7189 | D:5      | Found a staircase to the Ecumenical Temple.
  8066 | D:7      | Found Jifom's Distillery.
  8074 | D:7      | Reached skill level 11 in Axes
  8284 | D:7      | Bought a potion of heal wounds for 55 gold pieces
  8321 | D:7      | Reached XP level 9. HP: 75/79 MP: 8/8
  8323 | D:7      | Reached **** piety under Trog
  8535 | D:7      | Reached skill level 5 in Armour
  8953 | D:7      | Found an opulent altar of Gozag.
  9033 | D:7      | Reached skill level 5 in Dodging
  9052 | D:7      | Reached skill level 12 in Axes
  9225 | D:7      | Found Hulokiyl's Armour Emporium.
  9340 | D:7      | Found Leudgh's Antique Armour Shoppe.
  9806 | D:7      | Found Ojarphoty's Weapon Shoppe.
  9876 | D:7      | Found a burning altar of Makhleb.
  9877 | D:7      | Found a shimmering altar of Xom.
 10282 | D:8      | Killed an unseen horror
 10282 | D:8      | Reached skill level 13 in Axes
 10282 | D:8      | Reached XP level 10. HP: 18/86 MP: 2/9
 10454 | D:8      | Noticed a two-headed ogre
 10462 | D:8      | Noticed Erica
 10486 | D:8      | Killed a two-headed ogre
 10490 | D:8      | Killed Erica
 10912 | D:8      | Reached skill level 14 in Axes
 10982 | D:8      | Gained mutation: You have a pair of large horns on your head. [mutagenic meat]
 11601 | D:9      | Reached ***** piety under Trog
 11984 | D:9      | Noticed a red ugly thing
 11997 | D:9      | Killed a red ugly thing
 11997 | D:9      | Reached XP level 11. HP: 73/92 MP: 10/10
 12067 | D:9      | Found a runed door.
 12101 | D:9      | Noticed a two-headed ogre
 12128 | D:9      | Killed a two-headed ogre
 12128 | D:9      | Reached skill level 15 in Axes
 12417 | D:9      | Found a burning altar of Makhleb.
 12498 | D:9      | Noticed a six-headed hydra
 12499 | D:9      | Found a staircase to the Lair.
 12508 | D:9      | Killed an eight-headed hydra
 12740 | D:9      | Reached skill level 10 in Armour
 12892 | D:9      | Noticed 4thArraOfDagon's ghost (novice MiBe)
 12910 | D:9      | Killed 4thArraOfDagon's ghost
 12917 | D:10     | Entered Level 10 of the Dungeon
 13207 | D:10     | Received a gift from Trog
 13730 | D:10     | Noticed a great orb of eyes
 13731 | D:10     | Noticed a frost giant
 13738 | D:10     | Killed a great orb of eyes
 13743 | D:10     | Killed from afar by a frost giant

Vault maps used:
D:1:      minmay_arrival_split_and_join, minivault_14
D:2:      first_bread, mrwooster_statue_mirror
D:3:      lemuel_round_altar, zin_academy, kennysheep_generic_room_8,
          uniq_terence
D:4:      hex_intersection
D:5:      marbit_many_paths, fedhas_altar_4, minmay_temple_entry_poolview,
          uniq_sigmund, uniq_prince_ribbit1
D:7:      grunt_temple_overflow_champion_of_chaos, grunt_gozag_breadcrumbs,
          serial_shops, nicolae_shop_stone, shop_coins, kennysheep_mini_moat,
          shop
D:8:      uniq_erica
D:9:      david_lair_shrubbed, hangedman_pestilent_swarm, corner_web_ring,
          minmay_misc_feat_doors, minmay_st_funbox, lemuel_tele_altar
D:10:     minmay_shrinking_squares

Skill      XL: |  1  2  3  4  5  6  7  8  9 10 11 |
---------------+----------------------------------+-----
Axes           | 4 5 6 8 10 11 13 14 15 | 15.1
Fighting       | 4 5 6 7 9 |  9.5
Armour         | 4 6 8 10 | 10.9
Dodging        | 4 6 7 9 |  9.9

Action                   |  1- 3 |  4- 6 |  7- 9 | 10-12 || total
-------------------------+-------+-------+-------+-------++-------
Melee: Hand axe          |    49 |    14 |   146 |       ||   209
       Headbutt          |     5 |    14 |    49 |    79 ||   147
       Trident           |       |    53 |       |       ||    53
       Morningstar       |       |    31 |    19 |       ||    50
       Unarmed           |       |       |    12 |       ||    12
       Halberd           |       |       |    10 |       ||    10
       Battleaxe         |       |       |    96 |   334 ||   430
Throw: Throwing net      |       |       |       |     1 ||     1
Invok: Berserk           |     3 |     3 |     8 |     8 ||    22
       Trog's Hand       |     1 |       |     2 |     3 ||     6
       Burn Spellbooks   |       |       |     3 |       ||     3
       Brothers in Arms  |       |       |       |     1 ||     1
  Use: Potion            |     1 |     5 |     2 |     2 ||    10
       Scroll            |       |       |     4 |     1 ||     5
  Eat: Chunk             |     1 |     1 |    10 |    11 ||    23
       Bread ration      |     1 |     2 |     1 |       ||     4
       Meat ration       |       |     1 |     2 |     1 ||     4
       Fruit             |       |       |       |     3 ||     3
       Royal jelly       |       |       |       |     1 ||     1
Armor: Animal skin       |    15 |     7 |       |       ||    22
       Ring mail         |       |     5 |       |       ||     5
       Chain mail        |       |    20 |   170 |   149 ||   339
       Scale mail        |       |     5 |       |       ||     5
       Skin              |       |    16 |    11 |       ||    27
Dodge: Dodged            |    43 |    53 |   155 |   188 ||   439
